 Dungeon Crawl Stone Soup version 0.31-a0-997-g9a2f3ffc92 (webtiles) character file.

Game seed: 183316556029890096

992 Dirtsage the Chopper (level 7, -12/62 HPs)
             Began as a Minotaur Fighter on Nov 7, 2023.
             Was a Follower of Okawaru.
             Mangled by an ogre
             ... wielding a +0 giant club
              (20 damage)
             ... on level 5 of the Dungeon.
             The game lasted 00:06:04 (3490 turns).

Dirtsage the Chopper (Minotaur Fighter)             Turns: 3490, Time: 00:06:05

Health: -12/62     AC:  8    Str: 20    XL:     7   Next: 98%
Magic:  6/6        EV: 10    Int:  7    God:    Okawaru [*.....]
Gold:   120        SH:  5    Dex: 10    Spells: 6/6 levels left

rFire   + . .        a - +0 war axe
rCold   + . .        c - +0 buckler
rNeg    . . .        b - +0 scale mail
rPois   .            (helmet restricted)
rElec   .            t - scarf {rC+ rF+}
rCorr   .            (no gloves)
SInv    .            k - +0 pair of boots
Will    .....        (no amulet) Stlth
                     (no ring)
HPRegen 0.30/turn    (no ring)
MPRegen 0.10/turn

%: no passive effects
@: no status effects
A: horns 2, retaliatory headbutt
a: Renounce Religion, Heroism


You were on level 5 of the Dungeon.
You worshipped Okawaru.
Okawaru was aware of your devotion.
You visited 1 branch of the dungeon, and saw 5 of its levels.

You collected 120 gold pieces.

Inventory:

Hand Weapons
 a - a +0 war axe (weapon)
Armour
 b - a +0 scale mail (worn)
 c - a +0 buckler (worn)
 f - a +0 cloak
 k - a +0 pair of boots (worn)
 t - a scarf of resistance (worn)
Magical Staves
 r - a staff of cold
Jewellery
 i - a ring of ice
Scrolls
 e - 4 scrolls of identify {unknown}
 j - 2 scrolls of blinking {unknown}
 l - a scroll of enchant weapon {unknown}
 n - a scroll of torment {unknown}
 p - a scroll of noise {unknown}
 u - a scroll of teleportation {unknown}
 v - a scroll of brand weapon {unknown}
Potions
 d - a potion of might
 g - 2 potions of curing {unknown}
 h - 4 potions of lignification {unknown}
 m - a potion of mutation {unknown}
 o - 3 potions of heal wounds {unknown}
 q - a potion of magic {unknown}
 s - a potion of degeneration {unknown}


   Skills:
 + Level 5.8 Fighting
 * Level 6.8 Axes
 + Level 5.8 Armour
 + Level 3.5 Dodging
 + Level 5.8 Shields


You had 6 spell levels left.
You didn't know any spells.
Your spell library contained the following spells:

 Spells                   Type           Power      Damage    Failure   Level
 Blink                    Tloc           0%         N/A       92%         2
 Lesser Beckoning         Tloc           0%         N/A       92%         2
 Momentum Strike          Conj/Tloc      0%         3d8       92%         2
 Scorch                   Fire           0%         2d5       92%         2
 Static Discharge         Conj/Air       0%         3-3/arc   92%         2
 Airstrike                Air            0%         2d(0-16)  100%        4
 Flame Wave               Conj/Fire      0%         2d4       100%        4
 Summon Lightning Spire   Summ/Air       Unusable   N/A       N/A         4
 Summon Cactus Giant      Summ           Unusable   N/A       N/A         6

Dungeon Overview and Level Annotations

Branches:
Dungeon (5/15)
 Temple: D:4-7

Altars:
Cheibriados
Kikubaaqudgha
Okawaru
Trog
Yredelemnul
Zin

Shops:
D:5 *


Innate Abilities, Weirdness & Mutations

You have a pair of horns on your head.
You reflexively headbutt those who attack you in melee.


Message History

There is an open door here.
You take 4 damage, and have 58/62 hp.
You barely miss the scorpion. You headbutt the scorpion.
The scorpion is moderately wounded.
You feel very sick. The scorpion stings you.
You take 5 damage, and have 53/62 hp.
You hit the scorpion but do no damage.
The scorpion is moderately wounded.
You hit the ogre.
You feel sick. The scorpion completely misses you. You furiously retaliate!
You headbutt the scorpion. The ogre hits you with a +0 giant club!
The scorpion stings you.
You take 17 damage, and have 36/62 hp.
MASSIVE DAMAGE!!
You are too injured to fight recklessly!
Okay, then.
You feel sick.
You take 1 damage, and have 35/62 hp.
You feel sick.
There is a stone staircase leading down here.
You barely miss the ogre.
The ogre is lightly wounded.
You feel sick. The ogre barely misses you.
You take 1 damage, and have 34/62 hp.
You hit the ogre. You headbutt the ogre!
The ogre is severely wounded.
You feel sick.
The ogre hits you with a +0 giant club!!
* * * LOW HITPOINT WARNING * * *
You take 26 damage, and have 8/62 hp.
MASSIVE DAMAGE!!
You barely miss the ogre. Your headbutt misses the ogre.
The ogre is severely wounded.
You feel sick.
You are no longer poisoned.
You completely miss the ogre.
The ogre is severely wounded.
The ogre closely misses you.
You barely miss the ogre. You headbutt the ogre.
The ogre is almost dead.
The ogre hits you with a +0 giant club!!
You die...

#....# #....# #....#
#....# ##########....#
#####..(....##....#
#...........##....##
###.#@........'.......
#...#O#.....[.###.####
#...'s#.........#...#.
#...#.#.......#.###.#.
#...#.#.......#...#.#.
#...#.#.......###.#.##
#...#.#.......##....#.
....#.#.......##..###.
..!....#.......##..#
#.


You could see an ogre and a scorpion.

Vanquished Creatures
  Eustachio (D:5)
  Menkaure (D:4)
  An ice beast (D:5)
  A water moccasin (D:5)
  A black bear (D:3)
  A phantom (D:5)
  Natasha (twice) (D:4)
  2 orc wizards (D:4)
  4 iguanas
  3 gnolls (D:4)
  3 adders
  A white imp (D:5)
  A worm (D:3)
  4 dart slugs
  4 orcs
  8 ball pythons
  13 endoplasms
  A giant cockroach (D:4)
  4 goblins
  7 hobgoblins
  4 jackals (D:1)
  9 kobolds
  4 quokkas
  9 bats
  4 frilled lizards
  5 rats
98 creatures vanquished.

Vanquished Creatures (others)
  An orc wizard (D:4)
1 creature vanquished.

Grand Total: 99 creatures vanquished

Notes
Turn   | Place    | Note
-------+----------+-------------------------------------------
     0 | D:1      | Dirtsage the Minotaur Fighter began the quest for the Orb.
     0 | D:1      | Reached XP level 1. HP: 19/19 MP: 0/0
   102 | D:1      | Reached XP level 2. HP: 24/27 MP: 1/1
   291 | D:1      | Reached skill level 3 in Axes
   376 | D:1      | Reached XP level 3. HP: 33/33 MP: 2/2
  1117 | D:3      | Reached skill level 1 in Dodging
  1121 | D:3      | Reached XP level 4. HP: 40/40 MP: 3/3
  1177 | D:3      | Noticed a black bear
  1188 | D:3      | Killed a black bear
  1189 | D:3      | Reached skill level 4 in Axes
  1189 | D:3      | Reached XP level 5. HP: 47/47 MP: 4/4
  1280 | D:3      | Found a snail-covered altar of Cheibriados.
  1333 | D:3      | Found a faded altar of an unknown god.
  1606 | D:4      | Noticed Menkaure
  1614 | D:4      | Killed Menkaure
  1615 | D:4      | Reached XP level 6. HP: 15/55 MP: 5/5
  1855 | D:4      | Identified the +5 dagger of Prudence {protect, *Corrode rC+
                  | Int+3}
  1916 | D:4      | Reached skill level 5 in Axes
  2069 | D:4      | Reached skill level 5 in Armour
  2113 | D:4      | Reached skill level 5 in Fighting
  2113 | D:4      | Reached skill level 5 in Shields
  2158 | D:4      | Noticed Natasha
  2164 | D:4      | Killed Natasha
  2193 | D:4      | Identified the +6 dagger "Nustiede" {protect, rElec rN+
                  | Int+3}
  2198 | D:4      | Found an ancient bone altar of Kikubaaqudgha.
  2578 | D:4      | Noticed Natasha
  2586 | D:4      | Killed Natasha
  2609 | D:4      | Found a glowing silver altar of Zin.
  2610 | D:4      | Found a bloodstained altar of Trog.
  2612 | D:4      | Found an iron altar of Okawaru.
  2617 | D:4      | Found a basalt altar of Yredelemnul.
  2637 | D:4      | Became a worshipper of Warmaster Okawaru
  2744 | D:5      | Entered Level 5 of the Dungeon
  2756 | D:5      | Noticed an ice beast
  2771 | D:5      | Killed an ice beast
  2772 | D:5      | Reached XP level 7. HP: 31/61 MP: 6/6
  2910 | D:5      | Found Zintoeli's Overcharged Wands.
  3010 | D:5      | Reached skill level 6 in Axes
  3037 | D:5      | Noticed Eustachio
  3046 | D:5      | Killed Eustachio
  3046 | D:5      | Reached * piety under Okawaru
  3490 | D:5      | Mangled by an ogre

Illustrated notes

Levels and vault maps discovered:
D:1:      nzn_arrival_crosshair, layout_rooms, hangedman_decor_clover_reticule
D:2:      layout_loops_ring, hangedman_decor_points, st_stairs_5
D:3:      layout_rooms, nicolae_overflow_hidden_temple,
          dreamdust_ecumenical_altar_angels_and_demons
D:4:      layout_loops_corners, minitemple, mainiacjoe_overflow_cross_hatched,
          uniq_menkaure, uniq_natasha
D:5:      layout_basic, nicolae_shop_overcharged_wands, uniq_eustachio

Skill      XL: |  1  2  3  4  5  6  7 |
---------------+----------------------+-----
Shields        | 4 5 |  5.8
Armour         | 4 5 |  5.8
Axes           | 3 4 5 6 |  6.8
Fighting       | 4 5 |  5.8
Dodging        | 1 2 3 |  3.5

Action                     |  1- 3 |  4- 6 |  7- 9 || total
---------------------------+-------+-------+-------++-------
  Melee: War axe           |    80 |   104 |    42 ||   226
         Headbutt          |    13 |    13 |     9 ||    35
 Armour: Scale mail        |    63 |    74 |    29 ||   166
  Dodge: Dodged            |    35 |    52 |    13 ||   100
  Block: Buckler           |    21 |    20 |    10 ||    51

Table legend: (Time is in decaauts)
 A = Elapsed time spent in this place.
 B = Non-inter-level travel time spent in this place.
 C = Inter-level travel time spent in this place.
 D = Time resting spent in this place.
 E = Time spent auto-exploring this place.
 F = Levels seen in this place.
 G = Mean time per level.
                   A        B        C        D        E       F      G
               +--------+--------+--------+--------+--------+-----+--------+
         Total |   3558 |   3404 |    154 |      0 |   2817 |   5 |  711.6 |
       Dungeon |   3558 |   3404 |    154 |      0 |   2817 |   5 |  711.6 |
               +--------+--------+--------+--------+--------+-----+--------+

Top non-repeatable levels by time:
     D:4: 1199 daAuts
     D:5: 757 daAuts
     D:2: 677 daAuts
     D:3: 491 daAuts
     D:1: 431 daAuts
